 Dungeon Crawl Stone Soup version 0.31-a0-1074-g0b22e4e0f1 (webtiles) character file.

Game seed: 15608303399978131996

1 drugrobin the Sneak (level 1, -7/18 HPs)
             Began as a Demigod Delver on Dec 7, 2023.
             Mangled by a mummy (15 damage)
             ... in an ossuary.
             The game lasted 00:02:10 (217 turns).

drugrobin the Sneak (Demigod Delver)                 Turns: 217, Time: 00:02:10

Health: -7/18      AC:  3    Str: 13    XL:     1   Next: 13%
Magic:  3/3        EV: 11    Int: 12    God:
Gold:   11         SH:  0    Dex: 15    Spells: 0/0 levels left

rFire   . . .        (no weapon)
rCold   . . .        (no shield)
rNeg    . . .        b - +0 leather armour
rPois   .            (no helmet)
rElec   .            (no cloak)
rCorr   .            (no gloves)
SInv    .            (no boots)
Will    .....        (no amulet)
Stlth   +++          (no ring)
HPRegen 0.23/turn    (no ring)
MPRegen 0.08/turn

%: no passive effects
@: hasted, very quick
A: high MP 1, forlorn, divine attributes
a: no special abilities


You were in an ossuary.
You visited 1 branch of the dungeon, and saw 2 of its levels.
You also visited: Ossuary.

You collected 11 gold pieces.

Inventory:

Hand Weapons
 a - a +0 mace
Armour
 b - a +0 leather armour (worn)
Talismans
 h - a serpent talisman
Wands
 g - a wand of digging (3)
Scrolls
 c - a scroll of fog
 d - a scroll of revelation
 e - a scroll of fear
 k - a scroll of blinking {unknown}
Potions
 f - 2 potions of curing {unknown}
 i - a potion of degeneration
 j - 2 potions of attraction {unknown}
 l - a potion of berserk rage {unknown}


   Skills:
 + Level 2.7 Fighting
 - Level 1.7 Maces & Flails
 - Level 1.7 Dodging
 - Level 4.5 Stealth
 * Level 0.2 Unarmed Combat


You couldn't memorise any spells.
You didn't know any spells.
Your spell library was empty.

Dungeon Overview and Level Annotations

Branches:
Dungeon (5/15)            Ossuary (1/1)
 Temple: D:4-7

Annotations:
D:4 exclusions: adder and iguana


Innate Abilities, Weirdness & Mutations

You have an increased reservoir of magic. (+10% MP)
You shall have no god before yourself.
Your divine heritage dramatically boosts your attributes as you level up.


Message History

Unknown command.
Unknown command.
You see here 2 cyan potions.
Unknown command.
Unknown command.
f - 2 cyan potions You see here an amethyst potion.
Unknown command.
Unknown command.
l - an amethyst potion The sentinel's mark upon you fades away.
The mummy closely misses you.
Unknown command.
Unknown command.
The mummy closely misses you. The mummy misses you.
A mummy comes into view.
You see here a scroll of noise.
Unknown command.
Unknown command.
Unknown command.
Unknown command.
Unknown command.
The mummy hits you! The mummy attacks as it pursues you!
The mummy closely misses you.
Unknown command.
Unknown command.
Unknown command.
Unknown command.
The mummy closely misses you.
Unknown command.
Unknown command.
Unknown command.
Unknown command.
The mummy closely misses you.
Unknown command.
Unknown command.
Unknown command.
The mummy hits you!
Ouch! That really hurt!
You die...

### ###.###
##..?M.##
#.!?MMM@#
####.#### #.#
###'###
##.....##
##.......## .
#.M.......#..
+....⌠....'.
#.........#.^


You could see 4 mummies.

Vanquished Creatures
  A quokka (D:4)
1 creature vanquished.

Notes
Turn   | Place    | Note
-------+----------+-------------------------------------------
     0 | D:5      | drugrobin the Demigod Delver began the quest for the Orb.
     0 | D:5      | Reached XP level 1. HP: 18/18 MP: 3/3
    21 | D:5      | Noticed a water moccasin
   102 | D:4      | Found a sand-covered staircase.
   118 | D:4      | Noticed an iguana
   137 | D:4      | Noticed a phantom
   154 | Ossuary  | Entered an ossuary
   217 | Ossuary  | Mangled by a mummy

Illustrated notes

Levels and vault maps discovered:
D:4:      layout_cave_pools, nicolae_wu_jian_wuxing_cycle,
          nicolae_ossuary_entry_monument, minmay_fractal_squares_5,
          uniq_crazy_yiuf_cottage, uniq_ijyb
D:5:      layout_basic, general_overflow_altar, minmay_misc_feat_rows,
          due_unseen_surprise
Ossuary:  ossuary_crypta

Action                     || total
---------------------------++-------
  Melee: Unarmed           ||     8
    Use: Potion            ||     1
 Armour: Leather armour    ||    10
  Dodge: Dodged            ||    11

Table legend: (Time is in decaauts)
 A = Elapsed time spent in this place.
 B = Non-inter-level travel time spent in this place.
 C = Inter-level travel time spent in this place.
 D = Time resting spent in this place.
 E = Time spent auto-exploring this place.
 F = Levels seen in this place.
 G = Mean time per level.
                   A        B        C        D        E       F      G
               +--------+--------+--------+--------+--------+-----+--------+
         Total |    209 |    209 |      0 |     24 |     11 |   3 |   69.7 |
       Dungeon |    153 |    153 |      0 |     24 |     11 |   2 |   76.5 |
       Ossuary |     56 |     56 |      0 |      0 |      0 |   1 |   56.0 |
               +--------+--------+--------+--------+--------+-----+--------+

Top non-repeatable levels by time:
     D:4: 105 daAuts
 Ossuary: 56 daAuts
     D:5: 47 daAuts
